 Dungeon Crawl Stone Soup version 0.25.0-41-g26779e291d (webtiles) character file.

Game seed: 3181559575394113314

1957 Ethylacetat the Firebug (level 9, -4/52 HPs)
             Began as an Octopode Fire Elementalist on July 10, 2020.
             Was a Follower of Vehumet.
             Slain by a wight
             ... wielding a cursed +2 halberd
              (12 damage)
             ... on level 7 of the Dungeon.
             The game lasted 00:25:15 (8223 turns).

Ethylacetat the Firebug (OpFE)                      Turns: 8223, Time: 00:25:18

Health: -4/52      AC:  1    Str:  8    XL:     9   Next: 19%
Magic:  12/17      EV: 13    Int: 20    God:    Vehumet [*.....]
Gold:   363        SH:  0    Dex: 12    Spells: 13/19 levels left

rFire    + . .     SeeInvis .   v - +6 mace
rCold    + . .     Gourm    .   (no shield)
rNeg     . . .     Faith    .   (helmet restricted)
rPois    .         Spirit   .   (no amulet)
rElec    .         Reflect  .   t - ring of protection from cold
rCorr    .         Harm     .   e - ring of protection from magic
MR       ++...                  r - ring of protection from magic
Stlth    +++.......             (no ring)
HPRegen  0.17/turn              y - ring of protection from fire
MPRegen  0.15/turn              (no ring)
                                (no ring)
                                (no ring)

@: drained
A: almost no armour, stealthy swim, amphibious, 8 rings, constrict 8, camouflage
1, gelatinous body 1
a: Renounce Religion


You were on level 7 of the Dungeon.
You worshipped Vehumet.
Vehumet was aware of your devotion.
You were not hungry.

You visited 2 branches of the dungeon, and saw 8 of its levels.

You collected 363 gold pieces.

Inventory:

Hand Weapons
 v - a +6 mace (weapon)
Jewellery
 e - a ring of protection from magic (right tentacle)
 r - a ring of protection from magic (on tentacle)
 t - a ring of protection from cold (left tentacle)
 y - a ring of protection from fire (on tentacle)
Wands
 q - a wand of flame (23)
 B - a wand of enslavement (2)
 D - a wand of polymorph (13)
 E - a wand of iceblast (7)
Scrolls
 d - 4 scrolls of identify
 f - 6 scrolls of enchant weapon
 g - a scroll of teleportation {unknown}
 h - 2 scrolls of blinking
 i - a scroll of fog {unknown}
 j - a scroll of enchant armour
 k - a scroll of fear
 n - 2 scrolls of magic mapping
 o - 4 scrolls of remove curse
 s - a scroll of random uselessness
 u - a scroll of immolation
 w - a scroll of amnesia {unknown}
 F - a scroll of vulnerability {unknown}
Potions
 a - 3 potions of lignification
 c - a potion of invisibility {unknown}
 l - a potion of heal wounds {unknown}
 m - a potion of curing
 p - a potion of mutation {unknown}
 z - 2 potions of degeneration {unknown}
 C - a potion of cancellation {unknown}
Comestibles
 b - 11 rations
 A - a chunk of flesh


   Skills:
 - Level 0.5(0.0) Fighting
 - Level 2.7(2.0) Dodging
 - Level 3.4(2.7) Stealth
 - Level 1.0(0.3) Unarmed Combat
 + Level 5.5(4.8) Spellcasting
 * Level 6.8(6.1) Conjurations
 * Level 7.6(6.8) Fire Magic


You had 13 spell levels left.
You knew the following spells:

 Your Spells              Type           Power        Failure   Level  Hunger
a - Foxfire               Conj/Fire      ####         1%          1    None
b - Fireball              Conj/Fire      ####......   22%         5    ######.

Your spell library contained the following spells:

 Spells                   Type           Power        Failure   Level  Hunger
 Searing Ray              Conj           ####..       1%          2    #......
 Conjure Flame            Conj/Fire      ####....     2%          3    ##.....
 Inner Flame              Hex/Fire       ###.....     9%          3    ##.....
 Sticky Flame             Conj/Fire      ####....     9%          4    ####...


Dungeon Overview and Level Annotations

Branches:
Dungeon (7/15)             Temple (1/1) D:4

Altars:
Elyvilon
Fedhas
Kikubaaqudgha
Nemelex Xobeh
Ru
Sif Muna
Trog
Uskayaw
Vehumet
The Shining One

Shops:
D:5 [

Annotations:
D:7 Joseph


Innate Abilities, Weirdness & Mutations

You cannot wear most types of armour.
You are very stealthy in the water. (Stealth+)
You are amphibious.
You can wear up to eight rings at the same time.
You can use your tentacles to constrict eight enemies at once.
Your skin changes colour to match your surroundings (Stealth+).
Your rubbery body absorbs attacks. (AC +1, EV +1)


Message History

The killer bee stings you but does no damage.
Something hits you but does no damage. The wight hits you but does no damage.
The killer bee barely misses you. The wight hits you but does no damage.
The killer bee stings you but does no damage. x2
Unknown command.
As you read the scroll of fear, it crumbles to dust.
You assume a fearsome visage.
The wight is unaffected. x2
The killer bee looks frightened! x2; The killer bee stings you.
* * * LOW HITPOINT WARNING * * *
The wight hits you from afar with a cursed +2 halberd.
* * * LOW HITPOINT WARNING * * *
The wight hits you but does no damage.
The killer bee stings you but does no damage.
Casting: Foxfire (safe; 1% risk of failure)
Confirm with . or Enter, or press ? or * to list all spells.
You conjure some foxfire!
You feel less wooden. The killer bee closely misses you.
The wight hits you from afar with a cursed +2 halberd!
You die...

******,,,,,,* ***#.
*,,,,,,,,,,,*
#######*#
*,,,,,,,,****
#.....###
*,,,,,.,,',,*
###.#...)
*,,,,<..,**,* #.#..##
*****,##≈##+########
#.#..#
*,..y..........#
#.#..#
***##...yz####.#
#.#..# #.{)v@#
##÷#####.#..# #..zv.#
#..).....#..# #.....#
#..##.......## #.....#
#..##..[....'.
###########y...y#
#..######...##
#........##########(.#
#####
#....................#
######
#.....)....####......#
#..... #..........#
#.###### #.####


You could see 4 killer bees and 2 wights.

Vanquished Creatures
  Duvessa (D:7)
  An orc warrior (D:6)
  3 sky beasts
  2 centaurs
  A wyvern skeleton (D:7)
  3 scorpions
  Dowan (D:7)
  3 killer bees (D:7)
  3 wights (D:7)
  2 crimson imps
  4 jellies
  2 bullfrog skeletons
  A centaur skeleton (D:5)
  6 orc wizards
  Natasha (D:4)
  4 worker ants
  A hound zombie (D:6)
  11 adders
  2 shadow imps
  3 oozes
  2 adder zombies (D:5)
  2 adder skeletons (D:5)
  2 worms (D:3)
  2 dart slugs (D:2)
  5 leopard geckos
  10 orcs
  4 giant cockroaches
  6 hobgoblins
  16 jackals
  3 quokkas
  4 bats
  4 frilled lizards
  A giant cockroach zombie (D:6)
  8 goblins
  7 kobolds
  A leopard gecko zombie (D:5)
  2 rats
134 creatures vanquished.

Vanquished Creatures (collateral kills)
  A rat (D:2)
1 creature vanquished.

Vanquished Creatures (others)
  583 foxfires
583 creatures vanquished.

Grand Total: 718 creatures vanquished

Notes
Turn   | Place    | Note
-------+----------+-------------------------------------------
     0 | D:1      | Ethylacetat the Octopode Fire Elementalist began the quest
                  | for the Orb.
     0 | D:1      | Reached XP level 1. HP: 11/11 MP: 3/3
   287 | D:1      | Reached XP level 2. HP: 11/17 MP: 0/5
  1136 | D:2      | Reached XP level 3. HP: 15/21 MP: 0/6
  1408 | D:2      | Reached XP level 4. HP: 27/27 MP: 0/7
  3243 | D:4      | Reached XP level 5. HP: 31/31 MP: 6/9
  3273 | D:4      | Reached skill level 4 in Fire Magic
  3597 | D:4      | Reached XP level 6. HP: 36/36 MP: 4/11
  3739 | D:4      | Found a staircase to the Ecumenical Temple.
  3753 | Temple   | Entered the Ecumenical Temple
  3766 | Temple   | Became a worshipper of Vehumet
  3861 | D:4      | Noticed a phantom
  4224 | D:4      | Noticed Natasha
  4233 | D:4      | Killed Natasha
  4343 | D:5      | Entered Level 5 of the Dungeon
  4413 | D:5      | Reached skill level 5 in Fire Magic
  4606 | D:5      | Found Ekydesh's Armour Boutique.
  4710 | D:5      | Reached XP level 7. HP: 41/41 MP: 5/12
  5623 | D:6      | Found a bloodstained altar of Trog.
  5812 | D:6      | Reached skill level 1 in Unarmed Combat
  5868 | D:6      | HP: 2/42 [orc wizard/+0 dagger (3)]
  5871 | D:6      | Reached * piety under Vehumet
  5871 | D:6      | Offered knowledge of Freeze by Vehumet.
  6377 | D:6      | Learned a level 5 spell: Fireball
  6430 | D:6      | Reached XP level 8. HP: 47/47 MP: 9/14
  6502 | D:6      | Reached skill level 5 in Conjurations
  6502 | D:6      | Reached skill level 6 in Fire Magic
  6820 | D:6      | Found a shimmering blue altar of Sif Muna.
  6826 | D:6      | Found a sparkling altar of Nemelex Xobeh.
  6826 | D:6      | Found a white marble altar of Elyvilon.
  6828 | D:6      | Found an ancient bone altar of Kikubaaqudgha.
  6830 | D:6      | Found a bloodstained altar of Trog.
  6831 | D:6      | Found a hide-covered altar of Uskayaw.
  6886 | D:7      | Noticed Joseph
  7434 | D:7      | Noticed Duvessa
  7434 | D:7      | Noticed Dowan
  7461 | D:7      | Killed Duvessa
  7461 | D:7      | Reached skill level 5 in Spellcasting
  7489 | D:7      | Reached skill level 7 in Fire Magic
  7490 | D:7      | Killed Dowan
  7731 | D:7      | Reached XP level 9. HP: 48/52 MP: 11/16
  8202 | D:7      | HP: 2/52 [killer bee (6)]
  8216 | D:7      | Offered knowledge of Searing Ray by Vehumet.
  8223 | D:7      | Slain by a wight

Illustrated notes

Levels and vault maps discovered:
D:1:      dpeg_arrival_brainrot, layout_loops_ring
D:2:      layout_basic
D:3:      layout_loops_ring, lemuel_old_faithful
D:4:      layout_loops_ring, temple_pool_b, uniq_natasha
D:5:      layout_rooms, serial_shops, shop, first_ration,
          minmay_increasing_density
D:6:      layout_basic, minitemple, basic_altar, minivault_25
D:7:      layout_basic, uniq_joseph, uniq_duvessa, uniq_menkaure
Temple:   eino_temple_scatter_basement

Skill      XL: |  1  2  3  4  5  6  7  8 |
---------------+-------------------------+-----
Conjurations   | 2 3 4 6 |  6.8
Stealth        | 3 |  3.4
Spellcasting   | 3 4 5 |  5.5
Fire Magic     | 4 5 7 |  7.6
Unarmed Combat | 1 |  1.0
Fighting       | |  0.5
Dodging        | |  2.7

Action                   |  1- 3 |  4- 6 |  7- 9 || total
-------------------------+-------+-------+-------++-------
Melee: Unarmed           |     9 |     7 |    44 ||    60
       Constrict         |     3 |     3 |     6 ||    12
       Tentacles         |     3 |       |     7 ||    10
       Mace              |       |       |     5 ||     5
 Cast: Foxfire           |    55 |   132 |   204 ||   391
Evoke: Wand              |       |       |     1 ||     1
  Use: Scroll            |       |       |    10 ||    10
       Potion            |       |       |     6 ||     6
  Eat: Chunk             |     2 |    10 |    11 ||    23
Armor: Skin              |     3 |     1 |   193 ||   197
Dodge: Dodged            |    10 |    17 |    93 ||   120
